 Dungeon Crawl Stone Soup version 0.25-a0-737-g26c3a87c45 (webtiles) character file.

Game seed: 16394336726810127698, levelgen mode: deterministic

187 Esekla the Slasher (level 5, -6/42 HPs)
             Began as a Barachi Warper on Apr 11, 2020.
             Shot with an arrow by a centaur (9 damage)
             ... on level 5 of the Dungeon.
             The game lasted 00:19:15 (2570 turns).

Esekla the Slasher (Barachi Warper)                 Turns: 2570, Time: 00:19:16

Health: -6/42      AC:  4    Str: 13    XL:     5   Next: 66%
Magic:  8/8        EV: 12    Int: 13    God:
Gold:   57         SH:  0    Dex: 12    Spells: 4/8 levels left

rFire    . . .     SeeInvis .   a - +0 falchion
rCold    . . .     Gourm    .   (no shield)
rNeg     . . .     Faith    .   b - +0 leather armour
rPois    .         Spirit   .   j - +0 helmet
rElec    .         Reflect  .   (no cloak)
rCorr    .         Harm     .   (no gloves)
MR       .....                  (no boots)
Stlth    +.........             (no amulet)
HPRegen  0.14/turn              (no ring)
MPRegen  0.11/turn              (no ring)

@: slow
A: +LOS, swims, slowness 1, strong legs 1
a: Hop


You were on level 5 of the Dungeon.
You were not hungry.

You visited 1 branch of the dungeon, and saw 6 of its levels.

You collected 57 gold pieces.

Inventory:

Hand Weapons
 a - a +0 falchion (weapon)
Missiles
 e - 5 boomerangs of dispersal (quivered)
Armour
 b - a +0 leather armour (worn)
 j - a +0 helmet (worn)
Scrolls
 c - a scroll of remove curse
 d - a scroll of blinking
 g - 6 scrolls of identify
 i - a scroll of teleportation
Potions
 h - a potion of mutation {unknown}
 k - a potion of magic {unknown}
Comestibles
 f - 2 rations


   Skills:
 * Level 3.8 Fighting
 * Level 4.6 Long Blades
 + Level 1.1 Throwing
 + Level 2.0 Armour
 + Level 2.8 Dodging
 + Level 2.4 Spellcasting
 * Level 2.0 Charms
 + Level 3.3 Translocations


You had 4 spell levels left.
You knew the following spells:

 Your Spells              Type           Power        Failure   Level  Hunger
a - Shroud of Golubria    Chrm/Tloc      #.....       16%         2    ###....
b - Blink                 Tloc           N/A          12%         2    ###....

Your spell library contained the following spells:

 Spells                   Type           Power        Failure   Level  Hunger
 Gell's Gravitas          Tloc           ##........   22%         3    ###....
 Lesser Beckoning         Tloc           ##........   22%         3    ###....
 Teleport Other           Tloc           ##......     22%         3    ###....
 Corona                   Hex            #......      30%         1    #......
 Ensorcelled Hibernation  Hex/Ice        #.....       43%         2    ###....
 Passage of Golubria      Tloc           N/A          58%         4    #####..
 Confusing Touch          Hex            #.......     67%         3    ###....
 Dazzling Flash           Conj/Hex       #.....       67%         3    ###....
 Tukima's Dance           Hex            #.......     67%         3    ###....


Dungeon Overview and Level Annotations

Branches:
Dungeon (6/15)
 Temple: D:4-7

Altars:
The Shining One

Annotations:
D:2 Jessica, Terence
D:3 Grinder
D:5 1 runed translucent door, Crazy Yiuf


Innate Abilities, Weirdness & Mutations

You can be seen from farther away. (+LOS)
You can swim through water.
You cover ground slowly.
You can hop short distances.


Message History

Pain shoots through your body!
The orc priest invokes the aid of Beogh against you.
Beogh smites you!
The centaur wields a +0 shortbow.
The centaur shoots an arrow.
The arrow misses you.
The orc priest miscasts a cantrip.
The jelly quivers.
You see here an arrow.
The centaur shoots an arrow.
The arrow closely misses you.
The orc priest calls down the wrath of Beogh upon you.
Pain shoots through your body! The shadow imp barely misses you.
You riposte.
You slash the shadow imp!
The shadow imp is heavily wounded.
There is a stone staircase leading up here.
You see here an arrow.
The centaur shoots an arrow.
The arrow completely misses you.
The orc priest calls down the wrath of Beogh upon you.
Pain shoots through your body!
* * * LOW HITPOINT WARNING * * *
The centaur shoots an arrow.
The arrow hits you!
You die...

....c...#.......>.........
.............#..########<..
#....J..........## ####
#...........###.#
###.......### #.#
#......oo... #.#
....(......## ..####
#..........###.....#
#......o.Z(@...##
$#.........5###.#
..........#:# ..
..#....>##..# #########.#
.# .# .# .#


You could see a centaur, a jelly, 3 orc priests, a shadow imp and an adder
zombie.

Vanquished Creatures
  A hound (D:5)
  A centaur skeleton (D:5)
  A worker ant (D:5)
  Robin (D:1)
  3 adders
  A shadow imp (D:6)
  A dart slug (D:2)
  3 leopard geckos
  4 orcs
  3 bats
  A giant cockroach (D:1)
  8 goblins
  8 hobgoblins
  3 jackals (D:4)
  A ball python (D:3)
  4 frilled lizards
  2 goblin zombies (D:6)
  2 hobgoblin zombies (D:6)
  4 kobolds
  A kobold skeleton (D:6)
  A kobold zombie (D:6)
54 creatures vanquished.

Notes
Turn   | Place    | Note
-------+----------+-------------------------------------------
     0 | D:1      | Esekla the Barachi Warper began the quest for the Orb.
     0 | D:1      | Reached XP level 1. HP: 17/17 MP: 3/3
   151 | D:1      | Reached XP level 2. HP: 20/23 MP: 5/5
   699 | D:2      | Noticed Terence
   814 | D:2      | Reached XP level 3. HP: 8/29 MP: 6/6
   904 | D:1      | Learned a level 2 spell: Shroud of Golubria
   907 | D:1      | Learned a level 2 spell: Blink
  1089 | D:2      | Reached skill level 3 in Long Blades
  1111 | D:2      | Noticed Robin
  1192 | D:1      | Killed Robin
  1362 | D:2      | Reached skill level 1 in Charms
  1369 | D:2      | Noticed Jessica
  1455 | D:3      | Reached XP level 4. HP: 32/35 MP: 7/7
  1491 | D:3      | Noticed Grinder
  1500 | D:3      | Paralysed by Grinder for 5 turns
  1871 | D:4      | Noticed an ogre
  1912 | D:4      | HP: 1/35 [ogre/+0 giant club (9)]
  2240 | D:5      | Entered Level 5 of the Dungeon
  2250 | D:5      | Reached skill level 4 in Long Blades
  2250 | D:5      | Reached XP level 5. HP: 26/41 MP: 5/8
  2415 | D:5      | Found a runed translucent door.
  2416 | D:5      | Noticed Crazy Yiuf
  2508 | D:6      | Found a glowing golden altar of the Shining One.
  2556 | D:6      | Noticed an orc warrior
  2568 | D:5      | Noticed a centaur
  2570 | D:5      | Shot with an arrow by a centaur

Levels and vault maps discovered:
D:1:      heliophobic_arrival_henge, layout_basic
D:2:      layout_basic, kennysheep_okawaru_gauntlet, grunt_qazlal_clouds,
          first_ration, uniq_sigmund, uniq_terence, uniq_robin, uniq_jessica
D:3:      minmay_wonky_spiral, layout_rooms, lightli_temple_of_fire,
          uniq_grinder
D:4:      layout_gridville
D:5:      layout_rooms, nicolae_gozag_cash_rules_everything_around_me,
          uniq_menkaure, uniq_crazy_yiuf_cottage
D:6:      layout_rooms, old_standard_altar, lemuel_round_altar,
          nicolae_tso_besieged_by_evil

Skill      XL: |  1  2  3  4  5 |
---------------+----------------+-----
Fighting       | 3 |  3.8
Long Blades    | 3 4 |  4.6
Charms         | 1 2 |  2.0
Armour         | 2 |  2.0
Throwing       | |  1.1
Dodging        | |  2.8
Spellcasting   | |  2.4
Translocations | |  3.3

Action                   |  1- 3 |  4- 6 || total
-------------------------+-------+-------++-------
Melee: Falchion          |   127 |    85 ||   212
 Cast: Shroud of Golubri |     3 |     7 ||    10
       Blink             |       |     2 ||     2
 Abil: Hop               |       |     2 ||     2
  Use: Scroll            |       |     3 ||     3
  Eat: Chunk             |     3 |     4 ||     7
Armor: Leather armour    |    29 |    17 ||    46
Dodge: Dodged            |    91 |    60 ||   151
       Rpst.: Falchion   |    31 |    22 ||    53

Table legend:
 A = Non-vault XP
 B = Vault XP
 C = Vault XP percentage of total XP
 D = Non-vault monster count
 E = Vault monster count
 F = Vault count percentage of total count
                 A         B        C        D         E       F
            +---------+---------+-------+---------+---------+-------
      Total |     219 |      49 |  18.3 |      38 |      16 |  29.6
            +---------+---------+-------+---------+---------+-------
        D:1 |      21 |      18 |  46.2 |      12 |       2 |  14.3
        D:2 |      23 |      12 |  34.3 |       5 |       6 |  54.5
        D:3 |      25 |       2 |   7.4 |       9 |       1 |  10.0
        D:4 |      25 |       0 |   0.0 |       6 |       0 |   0.0
        D:5 |     125 |       0 |   0.0 |       6 |       0 |   0.0
        D:6 |       0 |      17 | 100.0 |       0 |       7 | 100.0
            +---------+---------+-------+---------+---------+-------
